 Dungeon Crawl Stone Soup version 0.29-a0-998-g1987434951 (webtiles) character file.

Game seed: 5680478972778423175

18025 Newt the Grappler (level 12, -19/108 HPs)
             Began as a Red Draconian Transmuter on Aug 5, 2022.
             Was a High Priest of Hepliaklqana.
             Engulfed by a cloud of flame (24 damage)
             ... on level 2 of the Orcish Mines.
             The game lasted 00:37:31 (14141 turns).

Newt the Grappler (Red Draconian Transmuter)       Turns: 14141, Time: 00:37:32

Health: -19/108    AC:  8    Str: 16    XL:     12   Next: 24%
Magic:  19/22      EV: 14    Int: 14    God:    Hepliaklqana [*****.]
Gold:   1587       SH:  0    Dex: 21    Spells: 15/25 levels left

rFire   x . .      SeeInvis +     - Unarmed
rCold   + + +      Faith    +   (shield currently unavailable)
rNeg    . . .      Spirit   .   (body armour unavailable)
rPois   +          Reflect  .   (helmet currently unavailable)
rElec   +          Harm     .   (cloak currently unavailable)
rCorr   .          Rampage  .   (gloves currently unavailable)
Will    .....                   (boots currently unavailable)
Stlth   ++........              p - amulet of faith
HPRegen 0.28/turn               m - ring of see invisible
MPRegen 0.18/turn               q - ring "Miasear" {rElec rC+ Dex+8 Slay+3}

@: ice-form (expiring), wereblooded
A: freezing attack, amphibious, boosted hp, reduced essence, (breathe fire), AC
+8, large, unfitting armour, (fire resistance 1), (cold-blooded)
a: End Transformation, Renounce Religion, Recall Ancestor, Ancestor Identity,
Transference, Idealise


You were on level 2 of the Orcish Mines.
You worshipped Hepliaklqana.
Hepliaklqana was extremely pleased with you.
You were a creature of crystalline ice.
You visited 3 branches of the dungeon, and saw 14 of its levels.
You also visited: Bailey.

You collected 2011 gold pieces.
You spent 424 gold pieces at shops.

Inventory:

Hand Weapons
 s - the +5 great sword of Cunas {holy, Drain rElec rCorr Str+4}
   (You found it on level 11 of the Dungeon)

   It has been blessed by the Shining One to cause great damage to the undead
   and demons.
   Str:       It affects your strength (+4).
   rElec:     It insulates you from electricity.
   rCorr:     It protects you from acid and corrosion.
   Drain:     It drains your maximum health when unequipped.
 G - the +5 great mace "Qyfet" {spect, +Blink rPois Will- Stlth-}
   (You found it on level 11 of the Dungeon)

   When its wielder attacks, the weapon's spirit leaps out and strikes again.
   The spirit shares a part of any damage it takes with its wielder.
   rPois:     It protects you from poison.
   +Blink:    It lets you blink.
   Will:      It decreases your willpower.
   Stlth:     It makes you less stealthy.
 I - the +8 war axe "Onuzxitz" {antimagic, Fragile rElec rC++ Will-}
   (You found it on level 11 of the Dungeon)

   It reduces the magical energy of the wielder, and disrupts the spells and
   magical abilities of those it strikes.
   Natural abilities and divine invocations are not affected.
   rC:        It greatly protects you from cold.
   rElec:     It insulates you from electricity.
   Fragile:   It will be destroyed if unequipped.
   Will:      It decreases your willpower.
Missiles
 z - a throwing net
Armour
 d - a +0 cloak (melded)
 g - a +1 pair of boots (melded)
Jewellery
 a - a ring of protection from fire
 c - an amulet of reflection
 m - a ring of see invisible (left front paw)
 p - an amulet of faith (around neck)
 q - the ring "Miasear" (right front paw) {rElec rC+ Dex+8 Slay+3}
   (You found it on level 6 of the Dungeon)

   [ring of protection from cold]

   Dex:       It affects your dexterity (+8).
   Slay:      It affects your accuracy & damage with ranged weapons and melee
   (+3).
   rC:        It protects you from cold.
   rElec:     It insulates you from electricity.
 K - a ring of ice
Wands
 i - a wand of flame (19)
 l - a wand of polymorph (16)
 v - a wand of light (7)
 C - a wand of paralysis (4)
 F - a wand of roots (8)
Scrolls
 b - 2 scrolls of amnesia
 e - 2 scrolls of teleportation
 h - 3 scrolls of identify
 o - 2 scrolls of fear
 t - a scroll of magic mapping {unknown}
 u - a scroll of immolation
 x - 6 scrolls of enchant armour
 y - a scroll of enchant weapon
 A - a scroll of blinking
 H - a scroll of brand weapon
Potions
 f - 3 potions of cancellation
 j - 3 potions of curing
 k - 2 potions of haste
 n - 3 potions of attraction
 r - 2 potions of flight
 w - 3 potions of berserk rage
 D - 2 potions of degeneration
 J - 2 potions of might
 L - 2 potions of invisibility
Miscellaneous
 B - a phial of floods (inert)
 E - a box of beasts (inert)


   Skills:
 * Level 7.4 Fighting
 - Level 6.1 Dodging
 - Level 0.6 Stealth
 - Level 9.6 Unarmed Combat
 - Level 7.3 Spellcasting
 - Level 7.7 Transmutations
 * Level 8.5 Ice Magic
 * Level 5.4 Evocations


You had 15 spell levels left.
You knew the following spells:

 Your Spells              Type           Power      Damage    Failure   Level
a - Beastly Appendage     Tmut           52%        N/A       1%          1
b - Wereblood             Tmut           26%        N/A       1%          2
c - Frozen Ramparts       Ice            58%        1d13      1%          3
d - Ice Form              Ice/Tmut       27%        N/A       4%          4

Your spell library contained the following spells:

 Spells                   Type           Power      Damage    Failure   Level
 Freeze                   Ice            100%       1d11      1%          1
 Spider Form              Tmut/Pois      15%        N/A       9%          3
 Magic Dart               Conj           20%        1d4       14%         1
 Searing Ray              Conj           10%        2d4       22%         2
 Hailstorm                Conj/Ice       17%        3d6       24%         4
 Gell's Gravitas          Tloc           5%         N/A       38%         3
 Mephitic Cloud           Conj/Pois/Air  5%         N/A       38%         3
 Portal Projectile        Hex/Tloc       10%        N/A       38%         3
 Teleport Other           Tloc           5%         N/A       38%         3
 Fulminant Prism          Conj/Hex       2%         3d6       80%         4
 Olgreb's Toxic Radiance  Pois           5%         N/A       80%         4
 Passage of Golubria      Tloc           5%         N/A       80%         4
 Silence                  Hex/Air        2%         N/A       98%         5
 Dispersal                Tloc           2%         N/A       100%        6
 Malign Gateway           Summ/Tloc      2%         N/A       100%        7
 Lehudib's Crystal Spear  Conj/Erth      2%         10d2      100%        8
 Chain Lightning          Conj/Air       2%         3d3       100%        9
 Fire Storm               Conj/Fire      2%         8d1       100%        9
 Shatter                  Erth           2%         3d6*      100%        9


Dungeon Overview and Level Annotations

Branches:
Dungeon (11/15)            Temple (1/1) D:4            Lair (0/5) D:11
    Orc (2/2) D:11            Elf (0/3) Orc:2        Bailey (visited)

Altars:
Ashenzari
Cheibriados
Elyvilon
Fedhas
Gozag
Hepliaklqana
Kikubaaqudgha
Makhleb
Nemelex Xobeh
Okawaru
Ru
Sif Muna
Trog
Uskayaw
Vehumet
Wu Jian
Xom
Yredelemnul
Zin
The Shining One

Shops:
D:2 =*(*(   D:9 (   Orc:2 !

Annotations:
D:4 2 transporters, Jouster's ghost, amateur DjFE


Innate Abilities, Weirdness & Mutations

You are a creature of crystalline ice.
You have a powerful freezing melee attack.
You are amphibious.
Your maximum health is increased.
Your armour is entirely melded.
You are incapable of wielding weapons or throwing items.
Your life essence is reduced to manifest your ancestor. (-10% HP)
((You can breathe blasts of fire.))
((Your fiery red scales are hard. (AC +8)))
You cannot fit into any form of body armour.
((Your flesh is heat resistant. (rF+)))
((You are cold-blooded and may be slowed by cold attacks.))


Message History

* * * LOW HITPOINT WARNING * * *
Decima avoids your attack.
The fiery explosion engulfs the orc priest!!
The orc priest explodes!
The fiery explosion engulfs the orc priest!! x2
You feel a bit more experienced.
The orc priest explodes!
The fiery explosion engulfs the orc warrior!
Flame seeps out of the orc warrior.
The orc warrior is moderately wounded.
The fiery explosion engulfs the orc priest!!
You feel a bit more experienced.
The orc priest explodes!
The fiery explosion engulfs the orc warrior!!
Flame seeps out of the orc warrior.
The orc warrior is almost dead.
The orc priest explodes!
The fiery explosion engulfs the orc warrior!
The orc warrior explodes!
The fiery explosion engulfs the orc priest!! x2
You feel a bit more experienced.
The orc priest explodes!
The fiery explosion engulfs the orc priest!!!
You feel a bit more experienced.
The orc priest explodes! x2
You feel a bit more experienced.
The orc warrior explodes!
Decima avoids your attack.
You hear a shout!
Unknown command.
Unknown command.
Aiming: Bolt of Light
Press: ? - help, Q - select action, (/) - cycle Shift-Dir - straight line, f - orc priest
Aim: an orc priest, wielding a +0 club and wearing a +0 leather armour (inner flame, ally target, 74% to hit)
Decima avoids your attack.
The bolt of light hits the orc priest!
Flame seeps out of the orc priest.
The orc priest is almost dead.
The orc priest is blinded.
You are engulfed in blazing flames.
You die...

##... #..... #####......
##.#.#§#§#§# #.$...§§§§§.
##..o§§§○§...
##..§§§§§oooo. #....R§#
#....Y## ##......#
#.......# ##...#...#
##...†....#
##.#.....#################
#.........................
##........................
#.#.##...................


You could see the friendly Decima the hexer (inner flame) and an orc priest
(inner flame, blind, ally target).

Vanquished Creatures
  Fannar (Orc:1)
  2 two-headed ogres
  The ghost of drugrobin the Cleaver, a novice DgFi (D:10)
  5 large abominations (D:11)
  Lodul (D:11)
  A wizard (D:11)
  An orc knight (Bailey)
  2 cyclopes
  Joseph (D:7)
  2 trolls
  A hornet (D:8)
  Prince Ribbit (D:6)
  8 yaks
  A wraith (D:11)
  5 steam dragons
  2 wargs (Orc:2)
  19 orc warriors
  2 sky beasts (D:6)
  An ice beast (D:6)
  3 black bears
  2 centaurs
  10 ogres
  6 kobold brigands
  Blork the orc (D:6)
  A scorpion (D:4)
  3 bullfrogs
  3 gnoll sergeants
  7 small abominations (D:11)
  4 wights
  A killer bee (D:9)
  2 vampire bats (D:6)
  8 howler monkeys
  4 hounds
  2 gnoll boudas
  17 orc priests
  A jelly (D:6)
  3 iguanas
  A hexer (Bailey)
  10 orc wizards
  Robin (D:2)
  19 gnolls
  6 adders
  2 white imps
  An ufetubus (D:6)
  A worm (D:2)
  2 dart slugs
  86 orcs
  8 bats
  3 bat skeletons (D:6)
  2 bat zombies (D:6)
  4 endoplasms
  A giant cockroach (D:1)
  16 goblins
  13 hobgoblins
  27 kobolds
  5 quokkas
  6 ball pythons
  2 frilled lizards
  3 rats
354 creatures vanquished.

Vanquished Creatures (collateral kills)
  An ugly thing (D:11)
  A shadow (D:11)
  3 yaks
  4 orc warriors
  A bullfrog (D:8)
  A wight (D:8)
  3 killer bees (D:9)
  A gnoll bouda (D:9)
  4 orc wizards
  A gnoll (D:9)
  3 orcs (Orc:2)
  2 goblins (D:8)
  4 kobolds
29 creatures vanquished.

Vanquished Creatures (others)
  A kobold brigand (D:7)
  An ancestor (Bailey)
  2 hexers
  17 plants
21 creatures vanquished.

Grand Total: 404 creatures vanquished

Notes
Turn   | Place    | Note
-------+----------+-------------------------------------------
     0 | D:1      | Newt the Draconian Transmuter began the quest for the Orb.
     0 | D:1      | Reached XP level 1. HP: 16/16 MP: 3/3
   131 | D:1      | Found a faded altar of an unknown god.
   137 | D:1      | Reached XP level 2. HP: 23/23 MP: 5/5
  1329 | D:2      | Found Quadd's Weapon Shop.
  1333 | D:2      | Learned a level 2 spell: Wereblood
  1348 | D:2      | Found Iginir's General Store.
  1358 | D:2      | Bought a scroll of identify for 24 gold pieces
  1381 | D:2      | Reached XP level 3. HP: 21/28 MP: 2/6
  1499 | D:2      | Found Namakos's Assorted Antiques.
  1585 | D:2      | Bought a scroll of identify for 40 gold pieces
  1652 | D:2      | Noticed Robin
  1669 | D:2      | Killed Robin
  1765 | D:2      | Reached XP level 4. HP: 29/35 MP: 4/8
  1765 | D:2      | Found Bazapy's Weapon Shop.
  1782 | D:2      | Reached skill level 4 in Unarmed Combat
  2063 | D:2      | Found Etaerrud's Jewellery Emporium.
  2236 | D:3      | Reached XP level 5. HP: 39/41 MP: 7/9
  2582 | D:3      | Found a sacrificial altar of Ru.
  2813 | D:3      | Found a hide-covered altar of Uskayaw.
  3307 | D:4      | Found a transporter.
  3507 | D:4      | Found a transporter.
  3507 | D:4      | Noticed Jouster's ghost (amateur DjFE)
  3635 | D:4      | Reached skill level 1 in Ice Magic
  3635 | D:4      | Reached XP level 6. HP: 39/48 MP: 8/11
  4118 | D:4      | Found a staircase to the Ecumenical Temple.
  4124 | Temple   | Entered the Ecumenical Temple
  4382 | D:5      | Entered Level 5 of the Dungeon
  4466 | D:5      | Reached skill level 5 in Unarmed Combat
  4533 | D:5      | You fall into a shaft and drop 1 floor!
  4592 | D:6      | Noticed a sky beast
  4602 | D:6      | Killed a sky beast
  4603 | D:6      | Your scales start taking on a fiery red colour.
  4603 | D:6      | Reduced skill Ice Magic to level 1
  4603 | D:6      | Reached XP level 7. HP: 55/55 MP: 9/12
  4603 | D:6      | Gained mutation: Your flesh is heat resistant. (rF+) [Red
                  | Draconian growth]
  4792 | D:6      | Noticed Prince Ribbit
  4812 | D:6      | HP: 2/55 [ice beast (13)]
  5125 | D:6      | Killed Prince Ribbit
  5126 | D:6      | Reached skill level 6 in Unarmed Combat
  5273 | D:6      | Noticed Blork the orc
  5282 | D:6      | Found a shimmering blue altar of Sif Muna.
  5301 | D:6      | Killed Blork the orc
  5302 | D:6      | Reached XP level 8. HP: 62/62 MP: 14/14
  5426 | D:6      | Found a hazy altar of Hepliaklqana.
  5441 | D:6      | Learned a level 3 spell: Frozen Ramparts
  5451 | D:6      | Became a worshipper of Hepliaklqana the Forgotten
  5539 | D:6      | Reached skill level 5 in Transmutations
  5599 | D:6      | Identified the ring "Miasear" {rElec rC+ Dex+8 Slay+3}
  5684 | D:6      | Found a snail-covered altar of Cheibriados.
  5741 | D:6      | Reached skill level 5 in Spellcasting
  6102 | D:6      | Found an ancient bone altar of Kikubaaqudgha.
  6199 | D:7      | Noticed Joseph
  6214 | D:7      | Killed Joseph
  6215 | D:7      | Reached skill level 7 in Unarmed Combat
  6215 | D:7      | Reached XP level 9. HP: 31/69 MP: 14/17
  6461 | D:7      | Found a white marble altar of Elyvilon.
  6493 | D:7      | Reached * piety under Hepliaklqana
  6629 | D:7      | Found an iron altar of Okawaru.
  6631 | D:7      | Found an opulent altar of Gozag.
  6751 | D:7      | Found a burning altar of Makhleb.
  7015 | D:8      | Paralysed by a hornet for 3 turns
  7019 | D:8      | Reached skill level 8 in Unarmed Combat
  7469 | D:8      | Reached XP level 10. HP: 69/69 MP: 16/19
  7496 | D:8      | Reached ** piety under Hepliaklqana
  7519 | D:8      | Found a flagged portal.
  7532 | Bailey   | Entered a bailey
  7763 | Bailey   | Remembered your ancestor Decima as a hexer
  7875 | Bailey   | Noticed an orc knight
  7884 | Bailey   | Killed an orc knight
  7885 | Bailey   | Reached skill level 5 in Dodging
  7970 | Bailey   | Identified the +6 scale mail "Woddov" {rPois rC+}
  8011 | Bailey   | Found a burning altar of Makhleb.
  8018 | Bailey   | Got the Spellbook of Warped Contamination
  8032 | Bailey   | Learned a level 4 spell: Ice Form
  8245 | D:8      | Found an ornate altar of the Wu Jian Council.
  8289 | D:8      | Found a bloodstained altar of Trog.
  8410 | D:9      | Reached skill level 9 in Unarmed Combat
  8437 | D:9      | Noticed a two-headed ogre
  8445 | D:9      | Killed a two-headed ogre
  8446 | D:9      | Reached skill level 5 in Ice Magic
  9098 | D:9      | Found a glowing silver altar of Zin.
  9110 | D:9      | Reached *** piety under Hepliaklqana
  9186 | D:9      | Found Sobocwec's Antique Weapon Emporium.
  9226 | D:10     | Entered Level 10 of the Dungeon
  9604 | D:10     | Noticed a two-headed ogre
  9614 | D:10     | Killed a two-headed ogre
  9615 | D:10     | Reached XP level 11. HP: 24/74 MP: 8/21
 10125 | D:10     | Found a runed translucent door.
 10131 | D:10     | Noticed drugrobin's ghost (novice DgFi)
 10143 | D:10     | Killed drugrobin's ghost
 10144 | D:10     | Reached skill level 1 in Evocations
 10313 | D:10     | Identified the +1 chain mail of Perfidy {Will- Str+2 Int+2}
 10629 | D:10     | Reached **** piety under Hepliaklqana
 11284 | D:11     | Reached skill level 5 in Fighting
 11312 | D:11     | Found a staircase to the Orcish Mines.
 11356 | D:11     | Noticed a wizard
 11365 | D:11     | Killed a wizard
 11422 | D:11     | Noticed a large abomination
 11428 | D:11     | Noticed a large abomination
 11431 | D:11     | Killed a large abomination
 11456 | D:11     | Killed a large abomination
 11837 | D:11     | Identified the +5 great mace "Qyfet" {spect, +Blink rPois
                  | Will- Stlth-}
 11842 | D:11     | Identified the +5 great sword of Cunas {holy, Drain rElec
                  | rCorr Str+4}
 11951 | D:11     | Noticed Lodul
 11968 | D:11     | Killed Lodul
 12352 | D:11     | Found a staircase to the Lair.
 12357 | D:11     | Identified the +8 war axe "Onuzxitz" {antimagic, Fragile
                  | rElec rC++ Will-}
 12359 | D:11     | Noticed a brown ugly thing
 12370 | D:11     | Killed a brown ugly thing
 12617 | D:11     | Reached XP level 12. HP: 87/87 MP: 18/22
 12714 | D:11     | Reached skill level 5 in Evocations
 13081 | Orc:1    | Entered Level 1 of the Orcish Mines
 13420 | Orc:1    | Noticed Fannar
 13434 | Orc:1    | Killed Fannar
 13554 | Orc:2    | Entered Level 2 of the Orcish Mines
 13554 | Orc:2    | Reached ***** piety under Hepliaklqana
 13613 | Orc:2    | Found a staircase to the Elven Halls.
 13825 | Orc:2    | Found Kig Xohoa's Distillery.
 13834 | Orc:2    | Bought a potion of invisibility for 96 gold pieces
 13834 | Orc:2    | Bought a potion of haste for 120 gold pieces
 13834 | Orc:2    | Bought a potion of invisibility for 96 gold pieces
 13834 | Orc:2    | Bought a potion of might for 48 gold pieces
 14140 | Orc:2    | HP: 5/108 [spore (40)]
 14141 | Orc:2    | Engulfed by a cloud of flame

Illustrated notes

Levels and vault maps discovered:
D:1:      lemuel_arrival_hallway, layout_basic,
          dreamdust_ecumenical_altar_angels_and_demons
D:2:      layout_rooms, serial_forest, infiniplex_forest_lined_ring,
          infiniplex_forest_clump_curved, infiniplex_forest_pool,
          infiniplex_forest_straight_2, infiniplex_forest_straight_3,
          infiniplex_forest_straight_2, infiniplex_forest_straight_4,
          infiniplex_forest_clump_long, serial_shops, nicolae_diamond_shop,
          shop, shop_fountains, shop, nicolae_shop_bloodbath_and_beyond,
          uniq_robin
D:3:      layout_basic, lemuel_doored_altar, nicolae_ru_awakened_eye,
          hangedman_decor_push, st_stairs_2
D:4:      layout_gridville, minmay_temple_entry_enclosed_plants,
          gammafunk_ghost_arena
D:5:      layout_basic, nicolae_qazlal_scattered_showers,
          grunt_dithmenos_smoke_and_mirrors, grunt_ministairs_4,
          nrook_pool_corridor, nicolae_grassy_gnolls, uniq_grinder
D:6:      layout_loops_cross, kennysheep_vampire_church, chei_slow_surprise,
          nicolae_hepliaklqana_hazy_memory, tgw_sif, feat_on_display,
          uniq_prince_ribbit1
D:7:      layout_basic, mainiacjoe_overflow_chevrons,
          nicolae_elyvilon_temple_path, nicolae_overflow_hidden_temple,
          nicolae_fountain_basement, uniq_joseph
D:8:      layout_cave_pools, nicolae_wu_jian_immortal_techniques,
          overflow_temple_1_default, enter_bailey_3
D:9:      minmay_inner_zag, layout_cave_pools, mainiacjoe_overflow_24_doors,
          serial_shops, shop
D:10:     layout_grid_maze, gammafunk_ghost_grave, special_room
          [special_room_orc]
D:11:     layout_irregular_city, lair_entry_dummy, hiddenorc1_lemuel,
          laboratory, uniq_lodul
Temple:   nicolae_temple_superstar
Orc:1:    layout_caves, uniq_fannar
Orc:2:    st_orc_pillars, layout_caves, serial_shops, nicolae_lakefront_shop

Skill      XL: |  1  2  3  4  5  6  7  8  9 10 11 12 |
---------------+-------------------------------------+-----
Unarmed Combat | 4 5 6 7 8 9 |  9.6
Spellcasting   | 3 4 5 6 7 |  7.3
Transmutations | 3 4 5 6 7 |  7.7
Fighting       | 2 3 6 7 |  7.4
Ice Magic      | 1 1 2 3 4 5 7 8 |  8.5
Dodging        | 2 3 4 6 |  6.1
Evocations     | 4 5 |  5.4
Stealth        | |  0.6

Action                   |  1- 3 |  4- 6 |  7- 9 | 10-12 || total
-------------------------+-------+-------+-------+-------++-------
Melee: Unarmed           |    97 |   143 |   190 |   316 ||   746
       Kick              |    18 |    29 |    58 |    17 ||   122
       Tailslap          |     9 |    16 |    30 |    10 ||    65
       Punch             |     2 |     4 |     7 |     5 ||    18
       Headbutt          |     8 |    15 |    36 |    15 ||    74
 Cast: Beastly Appendage |    19 |    18 |    25 |    11 ||    73
       Wereblood         |     4 |     9 |    18 |    26 ||    57
       Frozen Ramparts   |       |       |     1 |    13 ||    14
       Ice Form          |       |       |       |    28 ||    28
Invok: Ancestor Identity |       |       |     1 |       ||     1
       Ancestor Life: He |       |       |       |     1 ||     1
 Abil: Breathe Fire      |       |       |     4 |     1 ||     5
Evoke: Wand              |       |       |     4 |     4 ||     8
       Box of beasts     |       |       |       |     1 ||     1
       Phial of floods   |       |       |       |     1 ||     1
  Use: Scroll            |       |    11 |    11 |     5 ||    27
       Potion            |       |       |     4 |     6 ||    10
 Stab: Sleeping          |       |     3 |     1 |       ||     4
       Invisible         |       |       |     3 |       ||     3
       Distracted        |       |       |     1 |     5 ||     6
       Confused          |       |       |       |     4 ||     4
Armor: Skin              |    30 |    57 |    85 |    77 ||   249
Dodge: Dodged            |    44 |    90 |   166 |   177 ||   477

Table legend: (Time is in decaauts)
 A = Elapsed time spent in this place.
 B = Non-inter-level travel time spent in this place.
 C = Inter-level travel time spent in this place.
 D = Time resting spent in this place.
 E = Time spent auto-exploring this place.
 F = Levels seen in this place.
 G = Mean time per level.
                   A        B        C        D        E       F      G
               +--------+--------+--------+--------+--------+-----+--------+
         Total |  14073 |  13332 |    741 |   1989 |   9377 |  15 |  938.2 |
       Dungeon |  12233 |  11600 |    633 |   1672 |   8193 |  11 | 1112.1 |
        Temple |    172 |     76 |     96 |      0 |     67 |   1 |  172.0 |
  Orcish Mines |   1050 |   1038 |     12 |      0 |    921 |   2 |  525.0 |
        Bailey |    617 |    617 |      0 |    317 |    196 |   1 |  617.0 |
               +--------+--------+--------+--------+--------+-----+--------+

Top non-repeatable levels by time:
    D:10: 1962 daAuts
    D:11: 1860 daAuts
     D:6: 1647 daAuts
     D:1: 1307 daAuts
     D:3: 1274 daAuts
     D:2: 876 daAuts
     D:9: 826 daAuts
     D:8: 825 daAuts
     D:7: 767 daAuts
     D:4: 737 daAuts
  Bailey: 617 daAuts
   Orc:2: 580 daAuts
   Orc:1: 469 daAuts
  Temple: 172 daAuts
     D:5: 149 daAuts
